 Dungeon Crawl Stone Soup version 0.25-a0-786-g5b70d41e48 (webtiles) character file.

Game seed: 145928352283339453, levelgen mode: deterministic

41 Heliosone the Scratcher (level 3, 0/22 HPs)
             Began as a Felid Transmuter on Apr 18, 2020.
             Succumbed to a kobold's poison
             ... on level 1 of the Dungeon.
             The game lasted 00:03:51 (1781 turns).

Heliosone the Scratcher (Felid Transmuter)          Turns: 1781, Time: 00:03:52

Health: 0/22       AC: 21    Str:  6    XL:     3   Next: 32%
Magic:  7/7        EV:  4    Int: 15    God:
Gold:   23         SH:  0    Dex: 16    Spells: 0/6 levels left
                                        Lives:  0   Deaths: 0

rFire    . . .     SeeInvis +     - Unarmed
rCold    . . .     Gourm    .   (shield unavailable)
rNeg     + + +     Faith    .   (armour unavailable)
rPois    +         Spirit   .   (helmet unavailable)
rElec    .         Reflect  .   (cloak unavailable)
rCorr    .         Harm     .   (gloves unavailable)
MR       .....     NoTele   +   (boots unavailable)
Stlth    +.........             (no amulet)
HPRegen  0.07/turn              (no ring)
MPRegen  0.10/turn              (no ring)

@: lethally poisoned (0 -> -14), tree-form
A: very small, no armour, no weapons or thrown items, stealth, see invisible,
carnivore, slow metabolism 1
a: no special abilities


You were on level 1 of the Dungeon.
You were completely stuffed.
You were a tree.
You visited 1 branch of the dungeon, and saw 2 of its levels.

You collected 23 gold pieces.

Inventory:

Missiles
 a - 10 arrows
Scrolls
 b - a scroll of fear {unknown}
 d - a scroll of amnesia {unknown}
 f - a scroll of remove curse {unknown}
 h - a scroll of immolation {unknown}
Comestibles
 c - 3 rations
 g - 4 chunks of flesh


   Skills:
 - Level 1.6 Fighting
 - Level 3.2 Dodging
 - Level 3.3 Unarmed Combat
 - Level 2.0 Spellcasting
 - Level 3.1 Transmutations
 + Level 0.1 Poison Magic


You couldn't memorise any spells.
You knew the following spells:

 Your Spells              Type           Power        Failure   Level  Hunger
a - Beastly Appendage     Tmut           ##....       6%          1    #......
b - Sticks to Snakes      Tmut           ##......     10%         2    ###....
c - Spider Form           Tmut/Pois      #.........   34%         3    ###....

Your spell library contained the following spells:

 Spells                   Type           Power        Failure   Level  Hunger
 Ice Form                 Ice/Tmut       #.......     75%         4    #####..
 Blade Hands              Tmut           ##........   86%         5    ######.


Dungeon Overview and Level Annotations

Branches:
Dungeon (2/15)

Altars:


Innate Abilities, Weirdness & Mutations

You cannot wear armour.
You are incapable of wielding weapons or throwing items.
Your paws allow you to move quietly. (Stealth)
((You have sharp claws.))
((You have razor-sharp teeth.))
You have supernaturally acute eyesight. (SInv)
You are carnivorous and can eat meat at any time.
((You cover ground quickly.))
((You are covered in fur. (AC +1)))
You have a slow metabolism.
((Your sharp claws are effective at attacking unaware monsters.))


Message History

* * * LOW HITPOINT WARNING * * *
You feel very sick.
There is a stone staircase leading down here.
Press: ? - help, v - describe, . - travel
Here: a kobold, wielding a +2 dagger of venom The floor.
Your horns disappear.
* * * LOW HITPOINT WARNING * * *
You feel sick.
* * * LOW HITPOINT WARNING * * *
You feel sick.
* * * LOW HITPOINT WARNING * * *
You feel sick.
It was a potion of lignification.
You turn into a tree.
Your roots penetrate the ground.
* * * LOW HITPOINT WARNING * * *
You feel sick.
You smack the kobold!
You kill the kobold!
You die...

..# #.#..........#.## #.# ..#
#.#.............# #.# ..#
#.###.#.........# #.# #.#####.#
#.#.........# #.# .....#..#
#)#......)..# #.# #.##.#.##
#.#.........# #.#
#.##.#.####.#######...# #.#
..).........########.#######.####
................♣).>.............
##....................######.####
#.################.).# #.# #.#
#...# #.# ##.## #...# #.# #...#
#...# #.# #...# ########### #.#
#...# #........# #.# #...#
#........# #.#


There were no monsters in sight!

Vanquished Creatures
  2 adders (D:2)
  A giant cockroach (D:1)
  A hobgoblin (D:1)
  7 jackals (D:1)
  A ball python (D:2)
  3 frilled lizards
  2 goblins (D:1)
  6 kobolds (D:1)
  A rat (D:1)
24 creatures vanquished.

Notes
Turn   | Place    | Note
-------+----------+-------------------------------------------
     0 | D:1      | Heliosone the Felid Transmuter began the quest for the Orb.
     0 | D:1      | Reached XP level 1. HP: 9/9 MP: 4/4
   720 | D:1      | Reached XP level 2. HP: 11/12 MP: 4/6
   734 | D:1      | Learned a level 2 spell: Sticks to Snakes
  1651 | D:2      | Reached XP level 3. HP: 15/15 MP: 2/7
  1702 | D:2      | Learned a level 3 spell: Spider Form
  1780 | D:1      | HP: 1/22 [poisoned by a kobold]
  1781 | D:1      | Succumbed to a kobold's poison

Levels and vault maps discovered:
D:1:      mrwooster_arrival_statue_3, layout_basic
D:2:      layout_loops_ring, kennysheep_boxes, uniq_jessica

Skill      XL: |  1  2 |
---------------+-------+-----
Transmutations | 3 |  3.1
Dodging        | 3 |  3.2
Fighting       | |  1.6
Unarmed Combat | |  3.3
Spellcasting   | |  2.0
Poison Magic   | |  0.1

Action                   || total
-------------------------++-------
Melee: Unarmed           ||    79
       Headbutt          ||    12
       Bite              ||     4
 Cast: Beastly Appendage ||    18
       Sticks to Snakes  ||     2
  Use: Potion            ||     1
  Eat: Chunk             ||    10
Armor: Skin              ||     5
Dodge: Dodged            ||    74

Table legend:
 A = Non-vault XP
 B = Vault XP
 C = Vault XP percentage of total XP
 D = Non-vault monster count
 E = Vault monster count
 F = Vault count percentage of total count
                 A         B        C        D         E       F
            +---------+---------+-------+---------+---------+-------
      Total |      59 |       0 |   0.0 |      24 |       0 |   0.0
            +---------+---------+-------+---------+---------+-------
        D:1 |      30 |       0 |   0.0 |      20 |       0 |   0.0
        D:2 |      29 |       0 |   0.0 |       4 |       0 |   0.0
            +---------+---------+-------+---------+---------+-------
